Map: Catalyst LE

Players

Darkblader

  • Race: Terran Terran
  • League: Diamond
  • Spawn Location: 5:00

Isszul - Winner!

  • Race: Zerg Zerg
  • League: Diamond
  • Spawn Location: 11:00

VOD

Have the link to the VOD?

Description

Time

  • Played on: Feb. 17, 2018, 5:30 a.m.
  • Length: 23:08
Show
View Real Time Build Order
Export as new Build Order

Darkblader Terran 

Build Orders: Reaper Expand, MMM Bio 

Get SALT Encoding   

  12  0:00  SCV  
  13  0:13  SCV  
  14  0:17  Supply Depot  
  14  0:25  SCV  
  15  0:41  Barracks  
  15  0:44  SCV  
  15  0:46  Refinery  
  16  0:56  SCV  
  17  1:08  SCV  
  18  1:20  SCV  
  19  1:34  Orbital Command  
  19  1:35  Reaper  
  20  1:44  Command Center  
  20  1:55  Barracks  
  20  2:01  SCV  
  21  2:10  Supply Depot  
  21  2:11  Barracks Reactor  
  21  2:13  SCV  
  22  2:16  Refinery  
  22  2:27  SCV  
  22  2:29  Factory  
  23  2:41  SCV  
  24  2:45  Barracks Tech Lab  
  24  2:47  Marine x2  
  26  2:56  SCV  
  26  2:57  Orbital Command  
  27  3:16  Marine x3  
  27  3:18  Starport  
  30  3:21  SCV  
  30  3:23  Stimpack  
  30  3:24  SCV  
  32  3:30  Factory Reactor  
  32  3:33  SCV  
  33  3:37  Marine x3  
  33  3:39  SCV  
  37  3:45  Supply Depot  
  37  3:46  SCV  
  38  3:59  Marine x3  
  38  4:01  SCV x2  
  42  4:08  Supply Depot  
  42  4:18  SCV x2  
  42  4:19  Marine x2  
  42  4:20  Medivac  
  42  4:21  Medivac  
  42  4:22  Marine  
  48  4:41  Command Center  
  48  4:45  Supply Depot  
  48  4:46  SCV x2  
  48  4:49  Marine x3  
  53  5:02  SCV x2  
  53  5:03  Barracks x2  
  53  5:06  Factory Reactor, Barracks  
  55  5:18  Marine x2  
  55  5:19  Marine  
  58  5:22  SCV x2  
  60  5:28  Refinery  
  60  5:30  Refinery  
  60  5:31  Engineering Bay x2  
  60  5:36  Combat Shields  
  60  5:37  Marine x3  
  60  5:40  Medivac x2  
  60  5:41  SCV x2  
  69  5:52  Widow Mine  
  66  6:17  Marine x2  
  67  6:19  Barracks Reactor x2  
  60  6:26  Barracks Reactor  
  60  6:27  Marine  
  60  6:28  Medivac x2, Widow Mine x2  
  60  6:30  SCV x2, Orbital Command  
  66  6:35  Terran Infantry Weapons Level 1  
  66  6:40  Supply Depot x2  
  66  6:52  Terran Infantry Armor Level 1  
  66  6:53  SCV x2  
  68  6:56  Marine  
  68  6:57  Marine x6  
  68  6:59  Widow Mine x2, Orbital Command  
  79  7:09  Marine x2  
  79  7:14  Marine  
  82  7:19  Factory, Barracks  
  82  7:21  Supply Depot  
  82  7:26  Supply Depot  
  82  7:28  Supply Depot  
  68  8:00  SCV x3  
  71  8:09  Marine  
  71  8:10  Marine x7  
  71  8:12  SCV x2, Barracks, Barracks Tech Lab  
  81  8:13  Factory Tech Lab  
  81  8:14  Hellion x2  
  81  8:18  Armory  
  81  8:19  Supply Depot  
  85  8:20  Supply Depot  
  85  8:24  Supply Depot  
  85  8:25  Liberator  
  85  8:26  SCV x3  
  88  8:30  Marine x2  
  88  8:31  Marine x3, Marauder  
  88  8:32  Marauder, Concussive Shells  
  88  8:33  Marine x2  
  88  8:34  Marine  
  100  8:38  SCV x3  
  100  8:39  Hellion  
  100  8:40  Hellion  
  100  8:41  Hellion  
  109  8:45  Orbital Command  
  109  8:48  Marine  
  109  8:52  Marauder  
  102  9:11  Barracks Tech Lab  
  102  9:12  Marine x5, Marauder  
  102  9:13  Marine x3, Marauder  
  114  9:20  Hellion x2  
  118  9:28  Infernal Pre-Igniter  
  118  9:30  Marine x2  
  120  9:33  Marauder  
  120  9:34  Terran Infantry Armor Level 2, Terran Infantry Weapons Level 2  
  120  9:36  Terran Vehicle Weapons Level 1  
  122  9:38  Marine  
  122  9:39  Marine x3  
  115  10:05  Marine x4  
  115  10:06  Marine x4, Marauder x3  
  116  10:22  Marine x2  
  116  10:23  Marine x2  
  116  10:27  Marauder  
  101  10:29  Marine x5  
  101  10:30  Marauder  
  102  10:40  Marine x3  
  102  10:41  Marine  
  102  10:47  Marine x3  
  102  10:48  Marine, Marauder x2  
  102  10:49  Hellion  
  107  10:51  Marauder  
  109  11:01  Orbital Command  
  109  11:03  Marine x3  
  116  11:04  Hellion x2  
  116  11:09  Marauder  
  116  11:10  Marauder  
  116  11:11  Hellion  
  102  11:37  Marine x3, Medivac x2  
  102  11:38  Marine x4  
  102  11:39  Marauder x3  
  119  11:43  SCV x2  
  119  11:44  SCV  
  122  11:52  Hellion x3  
  128  12:01  Marine x5  
  126  12:02  Marine, Marauder  
  126  12:03  Marauder x2  
  126  12:06  Starport  
  138  12:20  Medivac x2  
  138  12:21  Marine x6  
  138  12:22  Marine  
  149  12:44  Marine, Hellion  
  149  12:45  Hellion  
  94  13:08  Marine x5  
  94  13:09  Marine x3, Marauder x3  
  94  13:10  Starport Reactor, Medivac x2  
  103  13:30  Marauder  
  94  13:39  Marine x5  
  94  13:40  Marine x3, Marauder  
  94  13:41  Marauder, Medivac  
  101  13:42  Medivac  
  101  13:43  Hellion  
  101  13:44  Hellion x2  
  111  13:52  Marauder, Medivac x2  
  117  13:57  Marine  
  90  14:12  Marine x6, Liberator  
  90  14:13  Liberator, Marauder x2  
  90  14:14  Marine, Marauder  
  86  14:28  Marine  
  86  14:29  Hellion x3  
  86  14:30  Marine x4  
  96  14:35  Marauder  
  77  14:47  Marine x3  
  77  14:48  Marine x3  
  77  14:50  Hellion  
  58  15:21  Marine x7  
Show
View Real Time Build Order
Export as new Build Order

Isszul Zerg - Winner!

Build Orders: Hatch First 

Get SALT Encoding   

  12  0:04  Drone  
  13  0:15  Overlord  
  13  0:19  Drone  
  14  0:33  Drone x2  
  16  0:38  Drone  
  17  0:54  Hatchery  
  16  0:57  Drone  
  16  1:00  Drone  
  18  1:11  Extractor  
  18  1:16  Spawning Pool  
  16  1:19  Drone  
  16  1:22  Drone  
  18  1:30  Drone  
  19  1:41  Overlord  
  19  1:52  Drone  
  20  2:03  Queen  
  20  2:04  Zergling x2  
  20  2:06  Queen  
  20  2:07  Zergling x2  
  26  2:12  Metabolic Boost  
  26  2:13  Drone  
  27  2:17  Drone  
  28  2:24  Drone  
  28  2:28  Overlord  
  29  2:40  Drone x2  
  31  2:46  Overlord  
  31  2:55  Drone  
  31  2:56  Drone  
  33  3:04  Hatchery  
  31  3:06  Queen  
  31  3:07  Drone  
  31  3:12  Zergling x4  
  35  3:15  Drone  
  35  3:16  Drone  
  35  3:19  Zergling x4  
  39  3:25  Queen  
  41  3:30  Zergling x4  
  41  3:31  Drone  
  44  3:35  Drone x2  
  44  3:40  Drone  
  47  3:45  Queen  
  47  3:48  Drone  
  50  3:54  Drone  
  51  4:10  Overlord  
  51  4:11  Overlord x2, Extractor  
  50  4:20  Drone x6  
  50  4:21  Drone  
  57  4:37  Drone x4  
  55  4:39  Drone  
  55  4:43  Drone x2  
  58  4:47  Baneling Nest  
  57  4:54  Drone x3  
  57  4:57  Spore Crawler  
  57  4:59  Drone x5, Spore Crawler  
  64  5:00  Drone x3, Spore Crawler  
  64  5:05  Hatchery  
  64  5:11  Zergling x8  
  64  5:12  Zergling x2  
  69  5:19  Queen x2  
  69  5:20  Queen  
  75  5:26  Zergling x4  
  75  5:27  Zergling x2  
  78  5:30  Overlord  
  78  5:31  Drone  
  78  5:32  Drone x2, Evolution Chamber  
  78  5:33  Drone, Evolution Chamber  
  78  5:35  Drone  
  81  5:37  Extractor  
  68  6:01  Zergling x24  
  69  6:30  Drone  
  69  6:31  Drone x11  
  80  6:36  Extractor  
  80  6:37  Extractor, Zerg Melee Weapons Level 1  
  80  6:38  Zerg Ground Armor Level 1  
  80  6:39  Drone x3  
  81  6:42  Lair  
  81  6:43  Drone x2  
  83  6:52  Zergling x4  
  85  6:57  Zergling x4  
  87  7:03  Baneling x11  
  87  7:08  Extractor  
  86  7:14  Hatchery  
  85  7:19  Spine Crawler  
  84  7:28  Zergling x6  
  84  7:29  Overlord x3  
  81  7:55  Zergling x44  
  81  7:57  Queen  
  81  7:58  Queen x3  
  107  8:04  Infestation Pit  
  107  8:05  Hydralisk Den  
  107  8:12  Drone x5  
  112  8:13  Overlord x5  
  112  8:18  Hatchery  
  111  8:26  Baneling x2  
  111  8:35  Infestation Pit, Muscular Augments  
  99  9:07  Zergling x10  
  99  9:08  Zergling x46  
  99  9:09  Zerg Ground Armor Level 2, Zerg Melee Weapons Level 2  
  112  9:16  Extractor  
  111  9:18  Pathogen Glands  
  111  9:19  Extractor, Hive  
  111  9:21  Hydralisk x3  
  111  9:22  Hydralisk x6  
  128  9:35  Drone x10  
  138  9:41  Drone x2  
  138  9:42  Drone x2  
  140  9:46  Grooved Spines  
  140  9:47  Zergling x10  
  140  9:52  Hydralisk x4  
  132  9:53  Hydralisk  
  132  9:59  Baneling  
  134  10:00  Baneling x9  
  134  10:01  Zergling x4  
  133  10:08  Zergling x8  
  133  10:09  Zergling x6  
  138  10:20  Zergling x20  
  138  10:27  Zergling x12  
  107  10:37  Zergling x16  
  107  10:38  Zergling x2  
  105  10:48  Zergling x14, Baneling x3  
  109  11:01  Hatchery  
  109  11:03  Hydralisk x3  
  114  11:04  Hydralisk  
  105  11:22  Zergling x20  
  105  11:23  Zergling x4  
  100  11:26  Zergling x4  
  100  11:30  Zergling x2  
  103  11:34  Zergling x4  
  103  11:35  Zergling x2  
  103  11:38  Zerg Melee Weapons Level 3  
  103  11:39  Adrenal Glands  
  106  11:42  Zergling x4  
  108  11:49  Baneling  
  108  11:50  Baneling x8  
  108  11:51  Zergling x10  
  113  11:59  Hydralisk x3  
  119  12:05  Ultralisk Cavern  
  118  12:22  Zergling x4  
  120  12:23  Zergling x16  
  120  12:24  Zergling x14  
  135  12:32  Centrifical Hooks  
  135  12:35  Baneling x10  
  132  12:49  Zergling x6  
  132  12:50  Zergling x16  
  113  13:01  Zergling x16  
  113  13:02  Zergling x2  
  113  13:03  Baneling  
  113  13:04  Baneling x2  
  113  13:05  Baneling x2  
  114  13:19  Zergling x20  
  113  13:20  Zergling x2  
  97  13:33  Zergling x18  
  99  13:39  Baneling x2  
  99  13:40  Zergling x8  
  99  13:46  Chitinous Plating  
  98  13:55  Baneling x4  
  98  13:56  Zergling x10  
  95  14:10  Zergling x4  
  95  14:11  Zergling x16  
  93  14:25  Zergling x16  
  93  14:26  Zergling x2  
  101  14:41  Zergling x14  
  101  14:43  Hydralisk x2  
  108  14:47  Baneling x3  
  108  14:50  Zergling x2  
  106  14:55  Baneling x4  
  101  15:00  Zergling x6  
  97  15:09  Zergling x8  
  93  15:28  Zergling x10  
  93  15:29  Zergling x6  
  93  15:31  Hydralisk  
  93  15:53  Zergling x16  
  93  16:12  Zerg Ground Armor Level 3  
  93  16:18  Hydralisk x5  
  93  16:21  Drone  
  93  16:22  Zergling x2  
  93  16:31  Hydralisk x3  
  93  16:40  Hydralisk  
  93  16:41  Hydralisk x2  
  93  16:45  Hydralisk x2  
  93  17:19  Hydralisk x4  
  93  17:20  Hydralisk x5  
  93  17:23  Baneling  
  93  17:24  Baneling x14  
  93  17:49  Zerg Missile Weapons Level 1, Hatchery  
Tags
 
Add a new tag
Caveats
  • Supply blocks, unpowered buildings, or Contaminate may cause inaccurate times.
  • Supply counts are checked every 10 seconds.